[Event "Titled Tuesday Blitz May 30 Early 2023"]
[White "Matinian, Nikita"]
[Black "Narayanan.S.L"]
[WhiteFideId "24129100"]
[BlackFideId "5058422"]
[WhiteElo "2422"]
[BlackElo "2563"]
[Result "0-1"]
[Round "10"]
[TimeControl "180+2"]
[Date "2023.05.30"]
[WhiteClock "0:00:10"]
[BlackClock "0:02:02"]

1. e4 c5 2. Nf3 e6 3. d4 cxd4 4. Nxd4 a6 5. Nc3 Qc7 6. Be2 b6 7. f4 Bb7 8. O-O Bb4 9. e5 Ne7 10. Kh1 Nbc6 11. a3 Nxd4 12. Qxd4 Bxc3 13. bxc3 Nf5 14. Qd3 h5 15. Be3 h4 16. Kg1 h3 17. g3 Rc8 18. c4 O-O 19. Rab1 b5 20. cxb5 axb5 21. Bg4 Nxe3 22. Qxe3 Qxc2 23. Bxh3 Qc6 24. Kf2 Qc2+ 25. Qe2 Qh7 26. Qg4 Rc2+ 27. Kg1 Qe4 0-1


[Site "https://www.chess.com"]

[Event "Titled Tuesday Blitz May 30 Early 2023"]
[White "Bjerre, Jonas Buhl"]
[Black "Prohaszka, Peter"]
[WhiteFideId "1444948"]
[BlackFideId "726265"]
[WhiteElo "2525"]
[BlackElo "2626"]
[Result "1-0"]
[Round "10"]
[TimeControl "180+2"]
[Date "2023.05.30"]
[WhiteClock "0:00:51"]
[BlackClock "0:00:12"]

1. d4 d5 2. c4 dxc4 3. Nf3 a6 4. e3 Bg4 5. Bxc4 e6 6. Nc3 Nc6 7. O-O Nf6 8. Be2 Bd6 9. h3 Bh5 10. b3 O-O 11. Bb2 Qe7 12. Rc1 Bg6 13. Nh4 Rad8 14. Nxg6 hxg6 15. Bf3 e5 16. Bxc6 bxc6 17. Na4 exd4 18. Bxd4 Nd5 19. Qg4 Nb4 20. h4 c5 21. Nxc5 Nxa2 22. Rc4 a5 23. h5 gxh5 24. Qxg7# 1-0


[Site "https://www.chess.com"]

[Event "Titled Tuesday Blitz May 30 Early 2023"]
[White "Martinez Ramirez, Lennis"]
[Black "Galchenko, Matvey"]
[WhiteFideId "3509079"]
[BlackFideId "24175480"]
[WhiteElo "2410"]
[BlackElo "2423"]
[Result "1/2-1/2"]
[Round "10"]
[TimeControl "180+2"]
[Date "2023.05.30"]
[WhiteClock "0:00:16"]
[BlackClock "0:00:04"]

1. Nf3 c5 2. e4 g6 3. d4 cxd4 4. Qxd4 Nf6 5. e5 Nc6 6. Qa4 Nd5 7. Qb3 Nc7 8. Bf4 Ne6 9. Bg3 Bg7 10. Nc3 Qa5 11. O-O-O a6 12. h4 h6 13. Bc4 b5 14. Bxe6 dxe6 15. h5 g5 16. Rhe1 Bb7 17. Nh2 Rc8 18. Ng4 Qb4 19. Qxb4 Nxb4 20. f3 Nd5 21. Nxd5 Bxd5 22. b3 O-O 23. Ne3 Bc6 24. Rd3 f6 25. Rd2 Rfd8 26. f4 Rxd2 27. Kxd2 Be8 28. Rh1 Rd8+ 29. Ke2 b4 30. fxg5 hxg5 31. h6 Bh8 32. Nc4 Bb5 33. Rd1 Rxd1 34. Kxd1 Kh7 35. Be1 f5 36. Bxb4 Bxc4 37. bxc4 Bxe5 38. Bxe7 Kxh6 39. c5 Kg6 40. Bd6 Bxd6 41. cxd6 Kf6 42. c4 e5 43. c5 Ke6 44. a4 e4 45. Ke2 f4 46. a5 e3 47. Kd3 Kd7 48. Ke2 Kc6 49. Kd3 Kd7 50. Ke2 Kc6 51. Kf3 Kd7 52. Ke2 1/2-1/2


[Site "https://www.chess.com"]

[Event "Titled Tuesday Blitz May 30 Early 2023"]
[White "Veiga, Jose Francisco R P Neves"]
[Black "Rustemov, Alexander"]
[WhiteFideId "1930087"]
[BlackFideId "4119002"]
[WhiteElo "2320"]
[BlackElo "2817"]
[Result "0-1"]
[Round "10"]
[TimeControl "180+2"]
[Date "2023.05.30"]
[WhiteClock "0:00:04"]
[BlackClock "0:00:03"]

1. d4 g6 2. Nf3 Bg7 3. e4 d6 4. Nc3 Nf6 5. h3 O-O 6. Be3 a6 7. a4 b6 8. Bc4 e6 9. Qd3 Bb7 10. d5 exd5 11. exd5 Nbd7 12. O-O Re8 13. Rfe1 Nc5 14. Bxc5 dxc5 15. Rxe8+ Nxe8 16. Re1 Nd6 17. b3 Qf6 18. Ne4 Nxe4 19. Rxe4 Rd8 20. Qe2 Bxd5 21. Re8+ Bf8 22. Rxd8 Qxd8 23. Qd3 c6 24. Bxa6 Qf6 25. Bc4 Qa1+ 26. Kh2 Bd6+ 27. g3 Qc1 28. Bxd5 cxd5 29. Qxd5 Qxc2 30. Kg2 Be7 31. Qe5 Bf8 32. Qd5 h6 33. h4 Bg7 34. h5 gxh5 35. Qa8+ Kh7 36. Qd5 Qg6 37. Nh4 Qe6 38. Qxh5 Qxb3 39. Qf5+ Kg8 40. Qc8+ Bf8 41. Qg4+ Kh8 42. Qf5 Qe6 43. Qf3 c4 44. Nf5 Qf6 45. Ne3 Qxf3+ 46. Kxf3 c3 47. Ke2 Bc5 48. Kd3 Kg7 49. Kxc3 Kg6 50. Kd3 Kg5 51. f4+ Kg6 52. Nc4 h5 53. Ne5+ Kf5 54. Kc4 Bf2 55. Nd7 Bxg3 56. Nxb6 Bf2 57. Nd5 h4 58. Kb5 h3 59. Nb6 h2 60. a5 h1=Q 0-1


[Site "https://www.chess.com"]

[Event "Titled Tuesday Blitz May 30 Early 2023"]
[White "Ehlvest, Jaan"]
[Black "Mendonca, Leon Luke"]
[WhiteFideId "4500016"]
[BlackFideId "35028561"]
[WhiteElo "2442"]
[BlackElo "2464"]
[Result "0-1"]
[Round "10"]
[TimeControl "180+2"]
[Date "2023.05.30"]
[WhiteClock "0:00:00"]
[BlackClock "0:00:04"]

1. e4 c6 2. d4 d5 3. exd5 cxd5 4. Bd3 Nf6 5. h3 g6 6. Nf3 Bg7 7. O-O O-O 8. Re1 Bf5 9. Bxf5 gxf5 10. Qe2 e6 11. c4 Nc6 12. Nc3 dxc4 13. Qxc4 Rc8 14. Bg5 Qb6 15. Rab1 Nb4 16. Qe2 Nbd5 17. Ne5 Qc7 18. Rbc1 Qa5 19. Bd2 Nxc3 20. bxc3 Ne4 21. Nf3 Qxa2 22. Ra1 Qd5 23. Rxa7 Nxc3 24. Bxc3 Rxc3 25. Rb1 Rb8 26. Qd2 Rc7 27. Qf4 Rbc8 28. g4 Qe4 29. Qxe4 fxe4 30. Ne5 Bxe5 31. dxe5 Rc1+ 32. Rxc1 Rxc1+ 33. Kg2 b5 34. Kg3 Rc3+ 35. Kf4 Rf3+ 36. Kxe4 Rxf2 37. Rb7 Rb2 38. Kf4 Kg7 39. Kg5 b4 40. h4 b3 41. Kh5 Rb1 42. g5 b2 43. Rb8 Re1 44. Rxb2 Rxe5 45. Rb8 h6 46. Kg4 Re4+ 47. Kg3 hxg5 48. hxg5 Rd4 49. Re8 Kg6 50. Rg8+ Kh7 51. Rf8 Kg7 52. Re8 Rc4 53. Rd8 Kg6 54. Rg8+ Kf5 55. Rg7 Rc7 56. Kf2 e5 57. Ke3 Ra7 58. Ke2 Ke6 0-1


[Site "https://www.chess.com"]

[Event "Titled Tuesday Blitz May 30 Early 2023"]
[White "Hambleton, Aman"]
[Black "Melikyan, Gnel"]
[WhiteFideId "2606577"]
[BlackFideId "54109990"]
[WhiteElo "2511"]
[BlackElo "2138"]
[Result "0-1"]
[Round "10"]
[TimeControl "180+2"]
[Date "2023.05.30"]
[WhiteClock "0:00:04"]
[BlackClock "0:00:16"]

1. d4 Nf6 2. Bf4 g6 3. e3 Bg7 4. h3 d6 5. Nf3 O-O 6. c3 Nc6 7. Bh2 Re8 8. a4 Nd7 9. Be2 e5 10. a5 Rb8 11. a6 b6 12. Na3 Nf8 13. Bb5 Bd7 14. Qa4 Ne7 15. dxe5 c6 16. Be2 d5 17. e6 Nxe6 18. Bxb8 Qxb8 19. Qd1 Nf5 20. Nc2 Bc8 21. Ncd4 Nexd4 22. exd4 Qd6 23. O-O Bf6 24. Re1 Bd8 25. Bd3 Rf8 26. Qe2 Bc7 27. Qe5 Qd8 28. Qe2 Qd6 29. Bxf5 Bxf5 30. Qe7 Be6 31. Qxd6 Bxd6 32. Ne5 Rc8 33. Nd3 c5 34. Rad1 cxd4 35. cxd4 Rc4 36. b3 Rxd4 37. Nb2 Rb4 38. Re3 d4 39. Red3 Bc5 40. Nc4 Bxc4 41. bxc4 Rxc4 42. Re1 Kf8 43. Ra1 Rc2 44. Kf1 h5 45. g4 hxg4 46. hxg4 Kg7 47. g5 Rc4 48. Rf3 Be7 49. Rg3 Rc5 50. Ra4 Rd5 51. Rg4 Bc5 52. Ke2 b5 53. Ra2 d3+ 54. Kd1 b4 55. Rd2 Rd6 56. Rg3 Rxa6 57. Rgxd3 Ra1+ 58. Ke2 a5 59. Rd7 b3 60. Rb7 Bb4 61. Rdd7 Re1+ 62. Kf3 b2 63. Rxf7+ Kg8 64. Rg7+ Kf8 65. Rh7 Re7 66. Rhxe7 b1=Q 67. Rf7+ Ke8 68. Rh7 Qf5+ 69. Ke2 Qe4+ 70. Kf1 Qc4+ 71. Kg2 Qc6+ 72. Kf1 Qc1+ 73. Ke2 Qc2+ 74. Kf3 Qf5+ 75. Ke2 Qg4+ 76. Kd3 Qf3+ 77. Kc4 Qe2+ 78. Kb3 Qd3+ 79. Ka4 Qc2+ 80. Kb5 Qc5+ 81. Ka6 Qc6+ 82. Ka7 Bc5+ 83. Ka8 Qa6+ 84. Kb8 Bd6+ 85. Kc8 Qc6+ 86. Rhc7 Qxc7+ 87. Rxc7 Bxc7 88. Kxc7 a4 89. Kd6 a3 90. Ke6 a2 91. Kf6 a1=Q+ 92. Kxg6 Qe5 93. Kh7 Kf7 94. g6+ Kf8 95. Kh6 Qg7+ 96. Kg5 Ke7 97. f4 Ke6 98. f5+ Ke5 99. Kg4 Qf6 100. Kh5 Kxf5 101. Kh6 Qxg6# 0-1


[Site "https://www.chess.com"]

[Event "Titled Tuesday Blitz May 30 Early 2023"]
[White "Papasimakopoulos, Alexandros"]
[Black "NikaVolkov"]
[WhiteFideId "4244125"]
[WhiteElo "2359"]
[BlackElo "2657"]
[Result "1-0"]
[Round "10"]
[TimeControl "180+2"]
[Date "2023.05.30"]
[WhiteClock "0:00:15"]
[BlackClock "0:00:00"]

1. d4 e6 2. c4 d5 3. Nc3 Nf6 4. cxd5 exd5 5. Bg5 Be7 6. e3 O-O 7. Nf3 Be6 8. Be2 c5 9. O-O Nc6 10. dxc5 Bxc5 11. Rc1 Be7 12. Nb5 Qb6 13. Nbd4 Rac8 14. b3 h6 15. Bh4 Ba3 16. Rc2 Ne4 17. Nxc6 bxc6 18. Nd4 Bd7 19. Bd3 f5 20. Qh5 Kh7 21. Rd1 c5 22. Ne2 Be8 23. Qf3 g5 24. Bg3 c4 25. Be5 cxd3 26. Rxc8 g4 27. Qf4 dxe2 28. Re1 Be7 29. Rc7 Qe6 30. Rxe2 Rf7 31. Bb2 Bg5 32. Rxf7+ Qxf7 33. Qb8 Bf6 34. Be5 Kg6 35. f3 gxf3 36. gxf3 Ng5 37. Rg2 Bxe5 38. Qxe5 Kh7 39. Kf2 Qe6 40. Qxe6 Nxe6 41. f4 Nc5 42. Ke2 Bb5+ 43. Kd2 Ne4+ 44. Kc2 Bf1 45. Rg1 Bb5 46. a4 Ba6 47. b4 h5 48. b5 Bc8 49. Kd3 Nc5+ 50. Kd4 Nxa4 51. Kxd5 Bd7 52. Kc4 Nb6+ 53. Kc5 Na4+ 54. Kb4 Nb6 55. Ra1 Kg6 56. Rxa7 Be8 57. Ra6 1-0


[Site "https://www.chess.com"]

[Event "Titled Tuesday Blitz May 30 Early 2023"]
[White "Jakubowski, Krzysztof"]
[Black "Simonian, Hrair"]
[WhiteFideId "1112848"]
[BlackFideId "13302337"]
[WhiteElo "2359"]
[BlackElo "2447"]
[Result "0-1"]
[Round "10"]
[TimeControl "180+2"]
[Date "2023.05.30"]
[WhiteClock "0:01:40"]
[BlackClock "0:01:36"]

1. c4 e5 2. Nc3 Bb4 3. g3 Bxc3 4. bxc3 d6 5. Bg2 Ne7 6. Rb1 Nbc6 7. d3 b6 8. e4 Bd7 9. Ne2 Qc8 10. O-O Bh3 11. f4 Bxg2 12. Kxg2 exf4 13. gxf4 f5 14. Ng3 O-O 15. Rb2 Qd7 16. Re2 fxe4 17. dxe4 Qe6 18. Kh1 Qxc4 19. Rg2 Rf7 20. f5 Ne5 21. Rf4 Raf8 22. Qg1 N7g6 23. Nh5 Nxf4 24. Rxg7+ Kh8 25. Nxf4 Rxg7 0-1


[Site "https://www.chess.com"]

[Event "Titled Tuesday Blitz May 30 Early 2023"]
[White "Al-Tarboush, Ward"]
[Black "Herrera Reyes, Jose Antonio"]
[WhiteFideId "7601450"]
[BlackFideId "2274914"]
[WhiteElo "2265"]
[BlackElo "2272"]
[Result "0-1"]
[Round "10"]
[TimeControl "180+2"]
[Date "2023.05.30"]
[WhiteClock "0:02:01"]
[BlackClock "0:02:14"]

1. d4 Nf6 2. Nc3 c5 3. d5 g6 4. e4 Bg7 5. e5 Ng8 6. Nf3 d6 7. Bb5+ Bd7 8. e6 fxe6 9. dxe6 Bxc3+ 10. bxc3 Bxb5 11. Ng5 Nh6 12. Ne4 Nf5 13. c4 Bxc4 14. Bb2 O-O 15. Qd2 Nc6 16. Qc3 Qa5 0-1


[Site "https://www.chess.com"]

[Event "Titled Tuesday Blitz May 30 Early 2023"]
[White "Karthik Rajaa"]
[Black "Sadykov, Ramil"]
[WhiteFideId "25035215"]
[BlackFideId "24113590"]
[WhiteElo "2215"]
[BlackElo "2245"]
[Result "0-1"]
[Round "10"]
[TimeControl "180+2"]
[Date "2023.05.30"]
[WhiteClock "0:00:09"]
[BlackClock "0:00:47"]

1. Nf3 Nf6 2. b3 d5 3. Bb2 g6 4. g3 Bg7 5. Bg2 O-O 6. O-O c6 7. d3 a5 8. Nbd2 a4 9. a3 axb3 10. cxb3 Bg4 11. Qc2 Nbd7 12. h3 Bxf3 13. Nxf3 Qb6 14. e4 Rfc8 15. e5 Ne8 16. Rfe1 Nc7 17. h4 Ne6 18. Bh3 c5 19. Bxe6 fxe6 20. Ng5 h6 21. Nh3 d4 22. Qc4 Nxe5 23. Rxe5 Bxe5 24. Re1 Qd6 25. f4 b5 26. fxe5 bxc4 27. exd6 c3 28. Bc1 exd6 29. Rxe6 Re8 30. Rxe8+ Rxe8 31. Kf2 Rb8 32. Bxh6 Rxb3 33. Nf4 c2 34. Ne2 Rxd3 35. Bc1 Rd1 36. Bb2 d3 37. Nc3 d2 0-1


[Site "https://www.chess.com"]

[Event "Titled Tuesday Blitz May 30 Early 2023"]
[White "Djordjevic, Vuk"]
[Black "Ozates, Tuna"]
[WhiteFideId "902098"]
[BlackFideId "6354521"]
[WhiteElo "2452"]
[BlackElo "2151"]
[Result "1-0"]
[Round "10"]
[TimeControl "180+2"]
[Date "2023.05.30"]
[WhiteClock "0:01:17"]
[BlackClock "0:00:53"]

1. d4 f5 2. Nf3 Nf6 3. Bg5 e6 4. c4 d5 5. Nc3 c6 6. e3 Bd6 7. h3 O-O 8. g4 fxg4 9. hxg4 Qe8 10. Bd3 Nbd7 11. Qc2 h6 12. Bxh6 gxh6 13. Rxh6 dxc4 14. Bxc4 Kg7 15. g5 e5 16. O-O-O e4 17. gxf6+ Kxh6 18. Rh1+ Kg6 19. Nxe4 1-0


[Site "https://www.chess.com"]

[Event "Titled Tuesday Blitz May 30 Early 2023"]
[White "Csonka, Balazs"]
[Black "Trifan, Andrei Ioan"]
[WhiteFideId "742910"]
[BlackFideId "12967068"]
[WhiteElo "2404"]
[BlackElo "2208"]
[Result "1-0"]
[Round "10"]
[TimeControl "180+2"]
[Date "2023.05.30"]
[WhiteClock "0:00:14"]
[BlackClock "0:00:06"]

1. d4 b6 2. e4 Bb7 3. Bd3 e6 4. Nf3 c5 5. c3 Be7 6. O-O d6 7. Qe2 Nd7 8. Rd1 Qc7 9. Nbd2 e5 10. dxe5 dxe5 11. Nf1 Ngf6 12. Bg5 O-O 13. Ne3 Rfe8 14. Bb5 Bc6 15. Bxc6 Qxc6 16. Bxf6 Nxf6 17. Nd5 Bf8 18. Nxf6+ Qxf6 19. Rd5 g6 20. Rad1 a6 21. c4 b5 22. b3 b4 23. g3 a5 24. Kg2 a4 25. h4 axb3 26. axb3 Ra3 27. R1d3 h6 28. Rd7 Rea8 29. R3d5 Re8 30. Rd3 Rea8 31. Rb7 Ra2 32. Rd2 R2a3 33. Rdd7 Rxb3 34. Rxf7 Qxf7 35. Rxf7 Kxf7 36. Nxe5+ Kf6 37. Qd1 Rc3 38. Qd5 Ra7 39. Ng4+ Kg7 40. e5 Rf7 41. e6 Rf5 42. Qd7+ Kg8 43. e7 Bxe7 44. Nxh6+ Kf8 45. Nxf5 gxf5 46. Qxf5+ Ke8 47. Qc8+ Kf7 48. Qf5+ Ke8 49. h5 b3 50. h6 b2 51. h7 Bf6 52. Qxf6 b1=Q 53. h8=Q+ Kd7 54. Qhd8# 1-0


[Site "https://www.chess.com"]

[Event "Titled Tuesday Blitz May 30 Early 2023"]
[White "Di Benedetto, Edoardo"]
[Black "Sanhueza, Cristian"]
[WhiteFideId "875740"]
[BlackFideId "116815"]
[WhiteElo "2296"]
[BlackElo "2174"]
[Result "1-0"]
[Round "10"]
[TimeControl "180+2"]
[Date "2023.05.30"]
[WhiteClock "0:00:56"]
[BlackClock "0:00:05"]

1. d4 Nf6 2. c4 g6 3. g3 Bg7 4. Bg2 O-O 5. Nf3 d6 6. O-O Nc6 7. Nc3 a6 8. b3 Rb8 9. d5 Na5 10. Bg5 h6 11. Bxf6 Bxf6 12. Rc1 c5 13. dxc6 Nxc6 14. Qd2 Bg7 15. Rfd1 Qa5 16. Nd5 Qxd2 17. Rxd2 Bd7 18. Nb6 Be6 19. e3 Na7 20. Nd4 Nc8 21. Nxe6 fxe6 22. Nd7 Na7 23. Be4 g5 24. Nxb8 Rxb8 25. f4 Nc6 26. Kf2 Kf7 27. Ke2 Ke8 28. h4 gxh4 29. gxh4 Bf6 30. h5 Kd7 31. Rg1 e5 32. Rg6 exf4 33. exf4 b5 34. cxb5 Nd4+ 35. Kd3 Nxb5 36. Rxh6 Na3 37. Bf5+ Kc7 38. Rg6 Rb5 39. Bg4 Rc5 40. h6 Rc3+ 41. Ke2 Nb5 42. Rxf6 exf6 43. h7 Rh3 44. Bxh3 1-0


[Site "https://www.chess.com"]

[Event "Titled Tuesday Blitz May 30 Early 2023"]
[White "Korchmar, Vasiliy"]
[Black "Bortnyk, Olexandr"]
[WhiteFideId "24131750"]
[BlackFideId "14120828"]
[WhiteElo "2370"]
[BlackElo "2734"]
[Result "0-1"]
[Round "10"]
[TimeControl "180+2"]
[Date "2023.05.30"]
[WhiteClock "0:00:00"]
[BlackClock "0:01:29"]

1. e4 Nf6 2. e5 Nd5 3. d4 d6 4. Nf3 dxe5 5. Nxe5 c6 6. Bd3 Nd7 7. Nf3 N7f6 8. h3 Nb4 9. Be2 Bf5 10. Na3 e6 11. O-O Bd6 12. c3 Nbd5 13. Nc4 Bc7 14. Qb3 Rb8 15. Nce5 O-O 16. Rd1 h6 17. c4 Ne7 18. Be3 a6 19. a4 Be4 20. Nd2 Bh7 21. Ndf3 Be4 22. Qc3 b5 23. b3 bxc4 24. bxc4 Ba5 25. Qc1 Nf5 26. Bf4 Rb3 27. Nd2 Nxd4 28. Bf1 Bxd2 29. Qxd2 c5 30. Qe1 Qa8 31. f3 Nc2 32. Qh4 Nxa1 33. Bxh6 Bg6 34. Rxa1 Qb8 35. Nxg6 fxg6 36. Bf4 Qd8 37. Re1 Qd4+ 38. Kh2 e5 39. Bg5 Qxh4 40. Bxh4 Re8 41. Bf2 e4 42. Bxc5 exf3 43. Rxe8+ Nxe8 44. gxf3 Rxf3 45. Bg2 Rc3 46. Bd5+ Kh7 47. Bd4 Rc2+ 48. Kg3 Nf6 49. Be6 Ne4+ 50. Kf4 Nd6 51. c5 Nb7 0-1


[Site "https://www.chess.com"]

[Event "Titled Tuesday Blitz May 30 Early 2023"]
[White "Petrosyan, Manuel"]
[Black "iHateNAJDORF"]
[WhiteFideId "13300857"]
[WhiteElo "2576"]
[BlackElo "2628"]
[Result "0-1"]
[Round "10"]
[TimeControl "180+2"]
[Date "2023.05.30"]
[WhiteClock "0:00:00"]
[BlackClock "0:00:49"]

1. e4 c5 2. Nf3 Nc6 3. Bb5 d5 4. exd5 Qxd5 5. O-O Bg4 6. Nc3 Qf5 7. Bxc6+ bxc6 8. Re1 Bxf3 9. Qxf3 Qxf3 10. gxf3 e6 11. d3 Ne7 12. Be3 Nf5 13. Ne4 Nh4 14. Nd2 Bd6 15. Bg5 Nf5 16. Re4 Kd7 17. Kf1 Bxh2 18. Be3 Bd6 19. Nc4 h5 20. Rd1 Rad8 21. d4 Nxe3+ 22. fxe3 Kc7 23. Ke2 g5 24. dxc5 Bxc5 25. Rxd8 Rxd8 26. Re5 Rd5 27. e4 Rxe5 28. Nxe5 f6 29. Nd3 Bd6 30. c4 c5 31. Kf2 Kc6 32. a3 a5 33. b3 a4 34. bxa4 Kb6 35. Kg2 Ka5 36. e5 fxe5 37. Nf2 Be7 38. Nd3 Kxa4 39. Nxe5 Kxa3 40. Kf2 Kb3 41. Ke2 h4 42. Kd3 h3 43. Ng4 Bd6 44. Nf2 h2 45. Nh1 Be5 46. Ke4 Bf4 47. Kd3 Kb4 48. Nf2 Bg3 49. Nh1 Bh4 0-1


[Site "https://www.chess.com"]

[Event "Titled Tuesday Blitz May 30 Early 2023"]
[White "Molina, Roberto Junio Brito"]
[Black "Miranda, Rafael"]
[WhiteFideId "2109450"]
[BlackFideId "130990"]
[WhiteElo "2376"]
[BlackElo "2204"]
[Result "0-1"]
[Round "10"]
[TimeControl "180+2"]
[Date "2023.05.30"]
[WhiteClock "0:00:00"]
[BlackClock "0:00:26"]

1. e4 e5 2. Nf3 Nc6 3. Bb5 g6 4. O-O Bg7 5. c3 Nge7 6. d4 exd4 7. cxd4 d5 8. exd5 Nxd5 9. Re1+ Be6 10. Bg5 Qd6 11. Nc3 O-O 12. Rc1 Bg4 13. Bxc6 bxc6 14. h3 Bxf3 15. Qxf3 Bxd4 16. Ne4 Qb4 17. b3 f5 18. Ng3 Qd6 19. Red1 c5 20. Ne2 Rfe8 21. Nxd4 cxd4 22. Rxd4 c6 23. Rdc4 Rac8 24. g3 Qe6 25. Kg2 a6 26. R4c2 Nb4 27. Rd2 c5 28. Be3 c4 29. bxc4 Rxc4 30. Rcd1 Nc2 31. Rd3 Re4 32. Bd2 Qxa2 33. Rc1 Nd4 34. Qd1 Qd5 35. Kh2 Re2 36. Be3 R8xe3 37. Rc8+ Kg7 38. Rc7+ Kh6 0-1


[Site "https://www.chess.com"]

[Event "Titled Tuesday Blitz May 30 Early 2023"]
[White "Schnaider, Ilan"]
[Black "Yuan, Qingyu"]
[WhiteFideId "169013"]
[BlackFideId "8609772"]
[WhiteElo "2224"]
[BlackElo "2359"]
[Result "1-0"]
[Round "10"]
[TimeControl "180+2"]
[Date "2023.05.30"]
[WhiteClock "0:00:54"]
[BlackClock "0:00:40"]

1. e4 e5 2. Nf3 Nc6 3. Bc4 Bc5 4. c3 Nf6 5. d3 O-O 6. O-O d5 7. exd5 Nxd5 8. Re1 Bg4 9. Nbd2 Nb6 10. h3 Nxc4 11. Nxc4 Bxf3 12. Qxf3 Re8 13. b4 Bb6 14. a4 a6 15. Nxb6 cxb6 16. Bb2 b5 17. axb5 axb5 18. Rxa8 Qxa8 19. Qd5 Qa4 20. Qd7 Rd8 21. Qxb7 Nb8 22. Qc7 Rf8 23. Qxe5 Nd7 24. Qd6 Nf6 25. c4 h6 26. Bxf6 gxf6 27. Qxf6 Qxb4 28. Re3 Kh7 29. Rg3 Qe1+ 30. Kh2 Qe4 31. Qg7# 1-0


[Site "https://www.chess.com"]

[Event "Titled Tuesday Blitz May 30 Early 2023"]
[White "Boyer, Mahel"]
[Black "Bodnaruk, Anastasia"]
[WhiteFideId "45102422"]
[BlackFideId "4181751"]
[WhiteElo "2439"]
[BlackElo "2304"]
[Result "0-1"]
[Round "10"]
[TimeControl "180+2"]
[Date "2023.05.30"]
[WhiteClock "0:00:17"]
[BlackClock "0:00:59"]

1. d4 Nf6 2. Nf3 g6 3. Bf4 Bg7 4. h3 O-O 5. Nbd2 d5 6. e3 c5 7. c3 b6 8. a4 Nc6 9. Bb5 Bb7 10. O-O a6 11. Bd3 c4 12. Bc2 b5 13. Ne5 Nd7 14. Nxd7 Qxd7 15. e4 e5 16. exd5 Nxd4 17. Bxe5 Nxc2 18. Bxg7 Qxd5 19. f3 Ne3 20. Qe2 Nxf1 21. Bxf8 Nxd2 22. Bh6 Nb3 23. Re1 Bc6 24. Rd1 Qh5 25. Qe3 Qc5 26. Qxc5 Nxc5 27. Rd6 Rc8 28. Be3 Nxa4 29. Bd4 Nxb2 30. Bf6 a5 31. Rd2 Nd3 32. Ra2 a4 33. Bd4 b4 34. Ra3 bxa3 35. Kh2 a2 36. Kg3 a1=Q 37. Kh4 Qe1+ 38. Kg5 Qg3+ 39. Kh6 Qh4# 0-1


[Site "https://www.chess.com"]

[Event "Titled Tuesday Blitz May 30 Early 2023"]
[White "Martic, Ivan"]
[Black "Halkias, Stelios"]
[WhiteFideId "929301"]
[BlackFideId "4201809"]
[WhiteElo "2360"]
[BlackElo "2451"]
[Result "0-1"]
[Round "10"]
[TimeControl "180+2"]
[Date "2023.05.30"]
[WhiteClock "0:00:15"]
[BlackClock "0:01:21"]

1. d4 Nf6 2. Bg5 d5 3. e3 c5 4. c3 Nc6 5. f4 Ne4 6. Bh4 Qb6 7. Qb3 c4 8. Qc2 Bf5 9. Qc1 h6 10. Nf3 g5 11. Bf2 Bg7 12. Nbd2 Nxf2 13. Kxf2 O-O-O 14. b3 gxf4 15. exf4 e5 16. fxe5 Bxe5 17. Bxc4 Bf4 18. Be2 Rde8 19. Re1 Be3+ 20. Kf1 Qc7 21. Qb2 Rhg8 22. b4 Bh3 23. gxh3 Qxh2 24. Bd3 Qf2# 0-1


[Site "https://www.chess.com"]

[Event "Titled Tuesday Blitz May 30 Early 2023"]
[White "Domingo Nunez, Ruben"]
[Black "ATM622"]
[WhiteFideId "22245570"]
[WhiteElo "2404"]
[BlackElo "2569"]
[Result "0-1"]
[Round "10"]
[TimeControl "180+2"]
[Date "2023.05.30"]
[WhiteClock "0:00:00"]
[BlackClock "0:01:15"]

1. c4 e5 2. Nc3 f5 3. g3 Nf6 4. Bg2 g6 5. e3 Bg7 6. Nge2 O-O 7. d4 e4 8. Nf4 c6 9. d5 d6 10. Rb1 Na6 11. b4 Ng4 12. Bd2 Ne5 13. h4 h6 14. Qe2 g5 15. hxg5 hxg5 16. Ne6 Bxe6 17. dxe6 g4 18. b5 Nc5 19. Kf1 Nf3 20. Qd1 Nxe6 21. Ne2 d5 22. Bb4 c5 23. cxd5 cxb4 24. dxe6 Qxd1+ 25. Rxd1 Rfd8 26. Rc1 Rac8 27. Rxc8 Rxc8 28. Rh5 Rc5 29. Rh1 Rxb5 30. Nf4 Rc5 31. Ke2 Rc2+ 32. Kd1 Rd2+ 33. Kc1 Bb2+ 34. Kb1 Ba3 35. Bf1 Rb2+ 36. Ka1 Rc2 37. Bb5 Nd2 38. Rb1 Bb2+ 39. Rxb2 Rc1+ 0-1


[Site "https://www.chess.com"]

[Event "Titled Tuesday Blitz May 30 Early 2023"]
[White "Shukhman, Anna"]
[Black "Oleksiyenko, Mykhaylo"]
[WhiteFideId "54180058"]
[BlackFideId "4152417"]
[WhiteElo "2235"]
[BlackElo "2551"]
[Result "1/2-1/2"]
[Round "10"]
[TimeControl "180+2"]
[Date "2023.05.30"]
[WhiteClock "0:00:06"]
[BlackClock "0:00:25"]

1. e4 e5 2. Nf3 Nc6 3. Bb5 Nf6 4. O-O Nxe4 5. Re1 Nd6 6. Nxe5 Be7 7. Bf1 O-O 8. d4 Nf5 9. c3 Nxe5 10. Rxe5 d6 11. Re1 d5 12. Qf3 c6 13. Bf4 Nd6 14. Nd2 Be6 15. Bd3 Qd7 16. Qh5 g6 17. Qf3 Rfe8 18. Be5 f6 19. Bf4 a5 20. Qg3 Nf5 21. Bxf5 Bxf5 22. Nf3 Bf8 23. h4 Rxe1+ 24. Rxe1 Re8 25. Rxe8 Qxe8 26. h5 Bb1 27. a3 g5 28. Bd6 Bg7 29. Bc7 a4 30. Qd6 h6 31. Bd8 Qf7 32. Qb8 Kh7 33. Bc7 b5 34. Nd2 Bd3 35. g4 Qe6 36. Bg3 Qxg4 37. Kh2 Qd1 38. Qc7 Qxd2 39. Qxc6 f5 40. Qg6+ Kg8 41. Qe8+ Bf8 42. Qg6+ Bg7 43. Qe8+ Kh7 44. Qg6+ Kh8 45. Qe8+ Kh7 46. Qg6+ 1/2-1/2


[Site "https://www.chess.com"]

[Event "Titled Tuesday Blitz May 30 Early 2023"]
[White "Uzcategui Rodriguez, Alejandro"]
[Black "Itgelt, Khuyagtsogt"]
[WhiteFideId "3903400"]
[BlackFideId "4902912"]
[WhiteElo "2252"]
[BlackElo "2227"]
[Result "0-1"]
[Round "10"]
[TimeControl "180+2"]
[Date "2023.05.30"]
[WhiteClock "0:00:48"]
[BlackClock "0:00:39"]

1. d4 Nf6 2. Nf3 d5 3. c3 g6 4. Bg5 Ne4 5. Bf4 c5 6. e3 Nc6 7. Nbd2 Bf5 8. Be2 Qb6 9. Qb3 c4 10. Qxb6 axb6 11. a3 f6 12. Nxe4 Bxe4 13. O-O b5 14. Nd2 Bf5 15. Bg3 h5 16. h4 Kf7 17. Bf3 e6 18. e4 dxe4 19. Nxe4 Be7 20. Nd6+ Bxd6 21. Bxd6 Rhd8 22. Bg3 Rd7 23. Rfe1 Ne7 24. Be4 Bxe4 25. Rxe4 Nd5 26. Rae1 Ra6 27. f3 Rc6 28. Kf2 Nb6 29. R1e2 Rd5 30. Bh2 Nc8 31. g4 Ne7 32. Bf4 f5 33. Re5 Rxe5 34. Rxe5 Nd5 35. Bd2 Rc8 36. gxf5 gxf5 37. Bg5 Rg8 38. Re1 Rg6 39. Rg1 Ke8 40. Ra1 Kd7 41. a4 b4 42. cxb4 Nxb4 43. Kg3 Kc6 44. Re1 Nd3 45. Re2 Kd5 46. Rd2 Kxd4 47. f4 Rg8 48. Kf3 Ra8 49. Bf6+ Kd5 50. Ke3 Rxa4 51. Rg2 Ra1 52. Rg5 Re1+ 53. Kd2 Ke4 54. Rxh5 Re2+ 55. Kc3 b5 56. Rh8 Nxf4 57. Bg5 Nd5# 0-1


[Site "https://www.chess.com"]

[Event "Titled Tuesday Blitz May 30 Early 2023"]
[White "Balla, Tamas-Kristof"]
[Black "Shuvalova, Polina"]
[WhiteFideId "1208497"]
[BlackFideId "24171760"]
[WhiteElo "2334"]
[BlackElo "2281"]
[Result "0-1"]
[Round "10"]
[TimeControl "180+2"]
[Date "2023.05.30"]
[WhiteClock "0:00:07"]
[BlackClock "0:01:48"]

1. e4 c6 2. d4 d5 3. exd5 cxd5 4. c4 Nf6 5. Nc3 e6 6. Nf3 Bb4 7. Bd3 dxc4 8. Bxc4 O-O 9. O-O b6 10. Bg5 Bb7 11. Qe2 Bxc3 12. bxc3 Nbd7 13. Rac1 Qc7 14. Bd3 Ng4 15. Be4 Bxe4 16. Qxe4 Ngf6 17. Qd3 h6 18. Bd2 Rfd8 19. h3 Nc5 20. Qe2 Nce4 21. Ne5 Nxd2 22. Qxd2 Qxe5 23. dxe5 Rxd2 24. exf6 gxf6 25. a4 Rc8 26. Rfe1 Ra2 27. Re4 f5 28. Rb4 Ra3 29. c4 Rc6 30. Rcb1 Kg7 31. g3 Kf6 32. Kg2 Ra2 33. h4 h5 34. Rd1 a5 35. Rb5 Rxa4 36. Rdb1 Raxc4 37. Rxb6 Rxb6 38. Rxb6 a4 39. Ra6 Ke5 40. Kf3 Kd5 41. Ra7 Kc5 42. Rxf7 a3 43. Ra7 Kb4 44. Ra6 Kb3 45. Rxe6 a2 46. Ra6 Ra4 47. Rb6+ 0-1


[Site "https://www.chess.com"]